 Dungeon Crawl Stone Soup version 0.23-a0-642-g3120c2f (webtiles) character file.

60 Leeroy the Slasher (level 3, -2/43 HPs)
             Began as a Draconian Skald on Dec 30, 2018.
             Was an Initiate of Okawaru.
             Slain by a water moccasin (5 damage)
             ... on level 2 of the Dungeon.
             The game lasted 00:02:36 (1491 turns).

Leeroy the Slasher (Draconian Skald)                Turns: 1491, Time: 00:02:37

Health: -2/43      AC:  6    Str: 18    XL:     3   Next: 80%
Magic:  3/6        EV: 12    Int: 14    God:    Okawaru [......]
Gold:   88         SH:  0    Dex: 10    Spells: 2/6 levels left

rFire    . . .     SeeInvis .   a - +0 falchion
rCold    . . .     Gourm    .   (no shield)
rNeg     . . .     Faith    .   (armour unavailable)
rPois    .         Spirit   .   (helmet restricted)
rElec    .         Reflect  .   (no cloak)
rCorr    .         Harm     .   (no gloves)
MR       .....                  o - +0 pair of boots
Stlth    ..........             (no amulet)
HPRegen  0.14/turn              (no ring)
MPRegen  0.10/turn              (no ring)

@: berserking, lethally poisoned (-2 -> -21), very quick
A: unfitting armour, cold-blooded, AC +5
a: Renounce Religion


You were on level 2 of the Dungeon.
You worshipped Okawaru.
Okawaru was noncommittal.
You were not hungry.

You visited 1 branch of the dungeon, and saw 2 of its levels.

You collected 88 gold pieces.

Inventory:

Hand Weapons
 a - a +0 falchion (weapon)
 d - a +0 short sword
 m - a +0 dagger
Missiles
 b - 72 stones (quivered)
 g - 49 arrows
 p - 7 poisoned needles
Armour
 o - a +0 pair of boots (worn)
Jewellery
 t - an uncursed ring of stealth {unknown}
Scrolls
 e - a scroll of identify {unknown}
 f - a scroll of fear {unknown}
 h - a scroll of teleportation {unknown}
 i - a scroll of amnesia {unknown}
 k - 2 scrolls of immolation {unknown}
 q - a scroll of remove curse {unknown}
 u - 2 scrolls of magic mapping {unknown}
 v - a scroll of fog {unknown}
Potions
 j - 2 potions of berserk rage
 l - a potion of haste {unknown}
 r - a potion of mutation {unknown}
 s - a potion of agility {unknown}
Comestibles
 c - 3 rations
 n - 4 chunks of flesh


   Skills:
 - Level 2.1 Fighting
 + Level 4.2 Long Blades
 - Level 2.1 Dodging
 - Level 2.0 Spellcasting
 - Level 2.6 Charms


You had 2 spell levels left.
You knew the following spells:

 Your Spells              Type           Power        Failure   Level  Hunger
a - Infusion              Chrm           #...         8%          1    ##.....
b - Spectral Weapon       Hex/Chrm       #.......     38%         3    ####...

Your spell library contained the following spells:

 Spells                   Type           Power        Failure   Level  Hunger
 Song of Slaying          Chrm           #.......     12%         2    ###....
 Shroud of Golubria       Chrm/Tloc      #.........   21%         2    ###....
 Regeneration             Chrm/Necr      #.........   38%         3    ####...


Dungeon Overview and Level Annotations

Branches:
Dungeon (2/15)

Altars:
Okawaru


Innate Abilities, Weirdness & Mutations

Your plain brown scales are hard. (AC +5)
You cannot fit into any form of body armour.
You are cold-blooded and may be slowed by cold attacks.


Message History

Your spectral weapon barely misses the water moccasin.
The water moccasin bites you.
* * * LOW HITPOINT WARNING * * *
The hobgoblin barely misses you.
You riposte.
You barely miss the hobgoblin.
The hobgoblin is moderately wounded.
The rat closely misses you. The water moccasin barely misses you.
It was a potion of berserk rage.
A red film seems to cover your vision as you go berserk!
You feel yourself moving faster!
You feel mighty!
* * * LOW HITPOINT WARNING * * *
You feel sick.
The hobgoblin hits you but does no damage.
The water moccasin barely misses you. The rat barely misses you.
You closely miss the water moccasin.
The water moccasin is almost dead.
* * * LOW HITPOINT WARNING * * *
You feel sick.
Your spectral weapon hits the water moccasin.
The water moccasin bites you.
You die...

##### ...... ...... ..
...... ...
......######.##
########.......%.......#
...............g@(.....#
####..#####...#.Sr.....#
........................
#####'#####......#......
###.....###.#....#......
.###.....##.#....#$.....
..###.....#.....## #####
...###....#.....########
....###...'............#


You could see a water moccasin, a hobgoblin, a rat and a friendly spectral +0
falchion.

Vanquished Creatures
  2 adders (D:2)
  A dart slug (D:1)
  2 leopard geckos (D:2)
  6 giant cockroaches
  6 hobgoblins
  A quokka (D:2)
  5 bats
  3 frilled lizards
  3 goblins
  3 kobolds
  7 rats
39 creatures vanquished.

Notes
Turn   | Place    | Note
-------+----------+-------------------------------------------
     0 | D:1      | Leeroy the Draconian Skald began the quest for the Orb.
     0 | D:1      | Reached XP level 1. HP: 17/17 MP: 3/3
   161 | D:1      | Reached XP level 2. HP: 10/24 MP: 5/5
   210 | D:1      | Reached skill level 3 in Long Blades
   858 | D:2      | Reached XP level 3. HP: 28/29 MP: 6/6
   863 | D:2      | Learned a level 3 spell: Spectral Weapon
  1185 | D:2      | Reached skill level 4 in Long Blades
  1274 | D:2      | Found an iron altar of Okawaru.
  1282 | D:2      | Became a worshipper of Warmaster Okawaru
  1479 | D:2      | Noticed a water moccasin
  1491 | D:2      | Slain by a water moccasin

Vault maps used:
D:1:      wander_arrival_estate, minmay_worlds_worst_comb
D:2:      okawaru_trees_2, nicolae_overflow_hidden_temple, minmay_quadrilaterals

Skill      XL: |  1  2  3 |
---------------+----------+-----
Long Blades    | 3 4 |  4.2
Fighting       | |  2.1
Dodging        | |  2.1
Spellcasting   | |  2.0
Charms         | |  2.6

Action                   || total
-------------------------++-------
Melee: Falchion          ||   141
       Tailslap          ||    17
 Cast: Spectral Weapon   ||     1
  Use: Potion            ||     1
 Stab: Sleeping          ||     1
  Eat: Chunk             ||     2
Armor: Skin              ||    53
Dodge: Dodged            ||   140
       Rpst.: Falchion   ||    42

Table legend:
 A = Non-vault XP
 B = Vault XP
 C = Vault XP percentage of total XP
 D = Non-vault monster count
 E = Vault monster count
 F = Vault count percentage of total count
                 A         B        C        D         E       F
            +---------+---------+-------+---------+---------+-------
      Total |      69 |      17 |  19.8 |      30 |       9 |  23.1
            +---------+---------+-------+---------+---------+-------
        D:1 |      25 |       8 |  24.2 |      18 |       4 |  18.2
        D:2 |      44 |       9 |  17.0 |      12 |       5 |  29.4
            +---------+---------+-------+---------+---------+-------
